 Dungeon Crawl Stone Soup version 0.27-a0-1502-g47ed6a6988 (webtiles) character file.

Game seed: 7029166634533648186

32 Tocho the Firebug (level 3, -5/31 HPs)
             Began as an Ogre Fire Elementalist on July 8, 2021.
             Slain by a phantom (7 damage)
             ... on level 2 of the Dungeon.
             The game lasted 00:03:08 (1221 turns).

Tocho the Firebug (Ogre Fire Elementalist)          Turns: 1221, Time: 00:03:08

Health: -5/31      AC:  3    Str: 12    XL:     3   Next: 27%
Magic:  2/7        EV:  9    Int: 17    God:
Gold:   39         SH:  0    Dex:  9    Spells: 6/7 levels left

rFire    . . .     SeeInvis .   c - +0 spear
rCold    . . .     Faith    .   (no shield)
rNeg     . . .     Spirit   .   a - +0 robe
rPois    .         Reflect  .   (helmet restricted)
rElec    .         Harm     .   (no cloak)
rCorr    .         Rampage  .   (gloves unavailable)
Will     .....                  (boots unavailable)
Stlth    +.........             (no amulet)
HPRegen  0.10/turn              (no ring)
MPRegen  0.10/turn              (no ring)

@: no status effects
A: large, unfitting armour, tough skin 1
a: no special abilities


You were on level 2 of the Dungeon.
You visited 1 branch of the dungeon, and saw 2 of its levels.

You collected 39 gold pieces.

Inventory:

Hand Weapons
 c - a +0 spear (weapon)
Armour
 a - a +0 robe (worn)
Scrolls
 b - a scroll of enchant weapon {unknown}
 f - a scroll of silence {unknown}
Potions
 d - a potion of heal wounds {unknown}
 e - 2 potions of curing {unknown}


   Skills:
 + Level 1.9 Dodging
 + Level 1.5 Stealth
 + Level 0.2 Unarmed Combat
 + Level 2.8 Spellcasting
 + Level 1.2 Conjurations
 + Level 3.3 Fire Magic


You had 6 spell levels left.
You knew the following spells:

 Your Spells              Type           Power      Damage    Failure   Level
a - Foxfire               Conj/Fire      40%        2x1d6     7%          1

Your spell library contained the following spells:

 Spells                   Type           Power      Damage    Failure   Level
 Conjure Flame            Conj/Fire      10%        6-21      22%         3
 Inner Flame              Hex/Fire       8%         N/A       26%         3
 Sticky Flame             Conj/Fire      10%        2d3       56%         4
 Fireball                 Conj/Fire      5%         3d5       89%         5


Dungeon Overview and Level Annotations

Branches:
Dungeon (2/15)

Altars:


Innate Abilities, Weirdness & Mutations

You are too large for most types of armour.
You have tough skin. (AC +1)


Message History

Aim: a kobold, wielding a +0 club (heavily wounded, about 53% to evade your +0 spear)
You reach to attack!
You barely miss the kobold.
The kobold is heavily wounded.
You feel sick.
The phantom hits you but does no damage.
Reach: c) +0 spear
Press: ? - help, Dir - move target, f/p - kobold
Aim: a kobold, wielding a +0 club (heavily wounded, about 53% to evade your +0 spear)
The phantom is in the way.
You hit the phantom but do no damage.
You feel sick. The phantom hits you.
The phantom blinks!
You blink.
The phantom hits you!
You feel sick.
You are no longer poisoned.
The phantom hits you!
* * * LOW HITPOINT WARNING * * *
The phantom blinks!
You blink.
The phantom barely misses you. The phantom barely misses you.
Found 11 gold pieces.
A giant cockroach comes into view.
The giant cockroach moves out of view.
A giant cockroach comes into view.
A goblin comes into view. It is wielding a +0 dagger.
The goblin shouts!
The giant cockroach closely misses you.
The giant cockroach bites you but does no damage.
Casting: Foxfire (safe; 7% risk of failure)
Press: ? - help, Q - select action Dir - look around, f - activate You conjure some foxfire!
The foxfire hits the goblin.
The goblin is heavily wounded.
The foxfire hits the phantom.
The phantom is lightly damaged.
The giant cockroach barely misses you.
You barely miss the goblin.
The goblin is heavily wounded.
The giant cockroach bites you.
* * * LOW HITPOINT WARNING * * *
An adder comes into view.
The phantom hits you!
You die...

.######### ###
#...B.g@W#######...#.
#S######B..g.........
.B........#.####..
#########.#.# #.#.#
#.#.# ###.## #..g# #.
#.#.#


You could see a phantom, an adder (wandering), 2 giant cockroaches, a hobgoblin
and a goblin.

Vanquished Creatures
  An adder (D:2)
  A dart slug (D:2)
  3 bats (D:1)
  3 endoplasms
  4 goblins
  A hobgoblin (D:1)
  2 kobolds (D:1)
  A quokka (D:1)
  A frilled lizard (D:1)
  2 rats (D:1)
19 creatures vanquished.

Vanquished Creatures (others)
  60 foxfires
60 creatures vanquished.

Grand Total: 79 creatures vanquished

Notes
Turn   | Place    | Note
-------+----------+-------------------------------------------
     0 | D:1      | Tocho the Ogre Fire Elementalist began the quest for the
                  | Orb.
     0 | D:1      | Reached XP level 1. HP: 16/16 MP: 3/3
   264 | D:1      | Found a faded altar of an unknown god.
   339 | D:1      | Reached XP level 2. HP: 24/24 MP: 1/5
   605 | D:1      | Reached skill level 3 in Fire Magic
   758 | D:1      | Reached skill level 1 in Conjurations
  1190 | D:2      | Noticed a phantom
  1202 | D:2      | Reached XP level 3. HP: 22/31 MP: 1/7
  1221 | D:2      | Slain by a phantom

Illustrated notes

Levels and vault maps discovered:
D:1:      ebering_trefoil_3fold, layout_basic,
          ebering_ecumenical_altar_sacrificial, minmay_misc_feat_cross
D:2:      minmay_general_purpose_star, layout_loops_ring,
          minmay_increasing_density

Skill      XL: |  1  2 |
---------------+-------+-----
Fire Magic     | 3 |  3.3
Conjurations   | 1 |  1.2
Dodging        | |  1.9
Stealth        | |  1.5
Unarmed Combat | |  0.2
Spellcasting   | |  2.8

Action                   || total
-------------------------++-------
Melee: Unarmed           ||     9
       Spear             ||    27
 Cast: Foxfire           ||    38
 Stab: Sleeping          ||     1
Armor: Robe              ||    13
Dodge: Dodged            ||    17

Table legend: (Time is in decaauts)
 A = Elapsed time spent in this place.
 B = Non-inter-level travel time spent in this place.
 C = Inter-level travel time spent in this place.
 D = Time resting spent in this place.
 E = Time spent auto-exploring this place.
 F = Levels seen in this place.
 G = Mean time per level.
                   A        B        C        D        E       F      G
               +--------+--------+--------+--------+--------+-----+--------+
         Total |   1222 |   1185 |     37 |      0 |   1007 |   2 |  611.0 |
       Dungeon |   1222 |   1185 |     37 |      0 |   1007 |   2 |  611.0 |
               +--------+--------+--------+--------+--------+-----+--------+

Top non-repeatable levels by time:
     D:1: 1022 daAuts
     D:2: 200 daAuts
